 Dungeon Crawl Stone Soup version 0.29-a0-284-gf9362112df (webtiles) character file.

Game seed: 17660123375687741097

38432 spiderkeys the Warrior (level 14, 0/159 HPs)
             Began as an Ogre Abyssal Knight on Mar 29, 2022.
             Was an Elder of Lugonu.
             Asphyxiated
             ... on level 4 of the Lair of Beasts.
             The game lasted 00:36:58 (23307 turns).

spiderkeys the Warrior (Ogre Abyssal Knight)       Turns: 23307, Time: 00:36:59

Health: 0/159      AC: 11    Str: 28    XL:     14   Next: 2%
Magic:  25/25      EV: 13    Int: 11    God:    Lugonu [****..]
Gold:   929        SH:  0    Dex: 11    Spells: 21/27 levels left

rFire   . . .      SeeInvis .   p - +7 Throatcutter {drain, coup de grace}
rCold   . . .      Faith    .   (no shield)
rNeg    . . .      Spirit   .   z - +2 troll leather armour
rPois   .          Reflect  .   P - +2 hat {Will+}
rElec   .          Harm     .   M - +1 cloak
rCorr   .          Rampage  .   (gloves unavailable)
Will    ++...                   (boots unavailable)
Stlth   +.........              o - amulet of magic regeneration
HPRegen 1.16/turn               S - +6 ring of strength
MPRegen 0.59/turn               Z - ring of wizardry

@: lethally poisoned (0 -> -11), slowed, very slow
A: large, unfitting armour, tough skin 1
a: Renounce Religion, Depart the Abyss, Bend Space, Banish, Corrupt


You were on level 4 of the Lair of Beasts.
You worshipped Lugonu.
Lugonu was greatly pleased with you.
You visited 3 branches of the dungeon, and saw 19 of its levels.
You visited the Abyss 2 times.

You collected 1094 gold pieces.
You spent 165 gold pieces at shops.


Innate Abilities, Weirdness & Mutations

You are too large for most types of armour.
You have tough skin. (AC +1)


   Skills:
 - Level 15.1 Fighting
 + Level 11.1 Long Blades
 - Level 0.5(1.8) Axes
 - Level 2.5(2.6) Maces & Flails
 + Level 11.6 Dodging
 + Level 7.4 Spellcasting
 + Level 6.8 Poison Magic
 + Level 7.6 Invocations


You had 21 spell levels left.
You knew the following spells:

 Your Spells              Type           Power      Damage    Failure   Level
i - Ignite Poison         Fire/Tmut/Pois 9%         N/A       9%          3
m - Mephitic Cloud        Conj/Pois/Air  9%         N/A       9%          3

Your spell library contained the following spells:

 Spells                   Type           Power      Damage    Failure   Level
 Shock                    Conj/Air       16%        1d4       8%          1
 Slow                     Hex            16%        N/A       8%          1
 Sublimation of Blood     Necr           4%         N/A       12%         2
 Wereblood                Tmut           4%         N/A       12%         2
 Confusing Touch          Hex            4%         N/A       22%         3
 Gell's Gravitas          Tloc           4%         N/A       22%         3
 Lesser Beckoning         Tloc           4%         N/A       22%         3
 Swiftness                Air            4%         N/A       22%         3
 Teleport Other           Tloc           4%         N/A       22%         3
 Vampiric Draining        Necr           4%         2d6       22%         3
 Airstrike                Air            2%         N/A       56%         4
 Fulminant Prism          Conj/Hex       2%         3d6       56%         4
 Iskenderun's Mystic Bla  Conj/Tloc      4%         2d3       56%         4
 Summon Lightning Spire   Summ/Air       4%         N/A       56%         4
 Freezing Cloud           Conj/Ice/Air   2%         6-21      87%         5
 Lee's Rapid Deconstruct  Erth           2%         3d5*      87%         5
 Storm Form               Tmut/Air       2%         N/A       100%        7
 Summon Hydra             Summ           2%         N/A       100%        7
 Maxwell's Capacitive Co  Air            2%         ∞         100%        8

Inventory:

Hand Weapons
 m - a +1 broad axe
   (You found it on level 3 of the Dungeon)
 p - the +7 Throatcutter (weapon) {drain, coup de grace}
   (You found it on level 3 of the Dungeon)

   A truly terrible weapon, it drains the life of any living foe it strikes.
   It may instantly kill foes which have little health.
 x - a +0 hand axe of electrocution
   (You took it off an orc on level 6 of the Dungeon)
Missiles
 c - 13 large rocks {=f}
 f - 64 poisoned darts
 h - 21 boomerangs
 i - 2 throwing nets {=f!f}
 B - 6 boomerangs of dispersal {=f!f}
 K - 2 datura-tipped darts
Armour
 z - a +2 troll leather armour (worn)
   (You found it on level 11 of the Dungeon)
 A - +0 acid dragon scales
   (You found it on level 9 of the Dungeon)
 M - a +1 cloak (worn)
   (You took it off Crazy Yiuf on level 7 of the Dungeon)
 P - a +2 hat of willpower (worn)
   (You took it off Gastronok on level 1 of the Lair of Beasts)
Magical Staves
 D - a staff of death {!a}
   (You found it on level 5 of the Dungeon)
 U - a staff of air {!a}
   (You found it on level 2 of the Lair of Beasts)
Jewellery
 a - an amulet of reflection
   (You found it on level 2 of the Lair of Beasts)
 o - an amulet of magic regeneration (around neck)
   (You found it on level 3 of the Dungeon)
 C - a ring of ice
   (You found it on level 7 of the Dungeon)
 N - a ring of positive energy
   (You found it on level 10 of the Dungeon)
 O - a +4 ring of protection
   (You found it on level 12 of the Dungeon)
 R - a ring of resist corrosion
   (You found it on level 4 of the Dungeon)
 S - a +6 ring of strength (left hand)
   (You found it on level 1 of the Dungeon)
 Z - a ring of wizardry (right hand)
   (You found it on level 4 of the Dungeon)
Wands
 b - a wand of flame (14)
   (You found it on level 10 of the Dungeon)
 w - a wand of paralysis (3)
   (You bought it in a shop on level 8 of the Dungeon)
 J - a wand of digging (6)
   (You found it on level 7 of the Dungeon)
 W - a wand of iceblast (5)
   (You found it on level 10 of the Dungeon)
Scrolls
 d - 4 scrolls of fear
 e - a scroll of immolation {!r!r}
 r - 2 scrolls of teleportation {@r4}
 u - 3 scrolls of magic mapping {!r}
 y - a scroll of amnesia
 F - 2 scrolls of enchant weapon
 H - a scroll of holy word
 I - 2 scrolls of noise {!r}
 Q - 3 scrolls of identify {@r1}
Potions
 g - 2 potions of degeneration {unknown}
 j - 7 potions of heal wounds {@q2}
 k - 7 potions of curing {@q1}
 l - a potion of lignification {unknown}
 n - 3 potions of might {unknown}
 q - 4 potions of resistance
 s - a potion of attraction {unknown}
 t - 4 potions of brilliance {unknown}
 v - a potion of mutation {unknown}
 E - 3 potions of ambrosia {unknown}
 G - 3 potions of flight {unknown}
 T - a potion of invisibility {unknown}
 V - a potion of cancellation {unknown}
 X - a potion of magic {unknown}
Miscellaneous
 L - a phantom mirror (inert)
   (You found it on level 13 of the Dungeon)

Dungeon Overview and Level Annotations

Branches:
Dungeon (13/15)            Temple (0/1) D:7            Lair (5/6) D:9
 Shoals (0/4) Lair:3       Spider (0/4) Lair:3          Orc (1/2) D:11
  Slime: Lair:5-6    Vaults: D:13-14

Altars:
Ashenzari
Dithmenos
Kikubaaqudgha
Makhleb
Nemelex Xobeh
Qazlal
Trog
Xom
Zin

Shops:
D:8 *   D:10 !

Annotations:
D:13 Nessos
Abyss:1 Rupert

........≈≈ .
.).....≈♣ ..
P......≈♣≈≈ ♣..
##......♣≈≈≈
..#.......≈≈≈≈ ≈≈ ≈
.........P♣ ≈≈≈ ...
#.4.....♣♣≈≈≈
≈≈≈..###@......≈♣≈♣≈≈
#...#......♣≈≈≈≈≈
#####.......♣♣≈≈≈
#........≈≈P≈
###......♣≈≈≈
###.P...♣ ##.P..♣♣
########.....♣
#..#P.......##


You could see an orange demon (curare).


Message History

The orange demon poisons you! Amaemon barely misses you.
Amaemon claws you but does no damage. Amaemon tail-slaps you. 😮 HP[-8]
You take 8 damage, and now have 98/149 hp.
You hit Amaemon. You drain Amaemon.
You feel extremely sick. The orange demon stings you from afar.
You are more poisoned.
The orange demon poisons you!
Amaemon points at something and mumbles some strange words. 😮 HP[-11]
You take 11 damage, and now have 87/149 hp.
You slash Amaemon! You drain Amaemon.
You feel extremely sick. The orange demon stings you from afar.
* * * LOW HITPOINT WARNING * * *
Amaemon barely misses you. Amaemon claws you but does no damage.
Amaemon tail-slaps you but does no damage. 😨 HP[-15]
You take 15 damage, and now have 72/149 hp.
You closely miss Amaemon.
You feel extremely sick.
The orange demon stings you but does no damage. 😨 HP[-8]
You take 8 damage, and now have 64/149 hp.
You closely miss Amaemon.
You feel extremely sick. Amaemon barely misses you. Amaemon closely misses you.
Amaemon tail-slaps you but does no damage.
The orange demon stings you but does no damage. 😨 HP[-7]
You take 7 damage, and now have 57/149 hp.
You hit Amaemon.
You feel very sick. Amaemon hits you but does no damage.
Amaemon barely misses you.
Amaemon tail-slaps you but does no damage. 😨 HP[-4]
You take 4 damage, and now have 53/149 hp.
You barely miss Amaemon.
You feel very sick. The orange demon misses you.
Amaemon hits you but does no damage.
You are more poisoned.
Amaemon closely misses you. Amaemon barely misses you. 😨 HP[-4]
You take 4 damage, and now have 49/149 hp.
You barely miss Amaemon.
You feel very sick.
The orange demon stings you but does no damage.
Amaemon hits you but does no damage.
You are more poisoned.
Amaemon closely misses you.
Amaemon tail-slaps you but does no damage. 😨 HP[-4]
You take 4 damage, and now have 45/149 hp.
You feel better. The orange demon stings you from afar.
* * * LOW HITPOINT WARNING * * *
You are poisoned.
The orange demon poisons you!
Amaemon points at the orange demon and mumbles some strange words.
The orange demon seems to grow toxic. 😨 HP[+5]
You regained 5 hp, and now have 50/149 hp.
You hit Amaemon.
You kill Amaemon!
Lugonu accepts your kill.
You feel very sick. The orange demon stings you from afar.
* * * LOW HITPOINT WARNING * * *
You are more poisoned.
You have difficulty breathing.
* * * LOW HITPOINT WARNING * * *
You feel yourself slow down.
You have reached level 14! 😱 HP[-15] MP[+1]
You now have 159 max hp (+10).
You take 15 damage, and now have 35/159 hp.
Your mp is fully restored (25).
* * * LOW HITPOINT WARNING * * *
You feel extremely sick.
The orange demon stings you but does no damage.
The orange demon misses you.
Items here: $ ) / †. 😱 HP[-10]
You take 10 damage, and now have 25/159 hp.
You completely miss the orange demon.
You feel extremely sick. The orange demon stings you.
* * * LOW HITPOINT WARNING * * *
The orange demon hits you but does no damage.
The orange demon misses you.
The orange demon hits you but does no damage. 😱 HP[-7]
You take 7 damage, and now have 18/159 hp.
You hit the orange demon.
You feel very sick. The orange demon stings you.
* * * LOW HITPOINT WARNING * * *
You are lethally poisoned!
You have difficulty breathing.
You die...

Skill      XL: |  1  2  3  4  5  6  7  8  9 10 11 12 13 |
---------------+----------------------------------------+-----
Maces & Flails | 2 |  2.5
Fighting       | 5 6 7 8 10 11 13 15 | 15.1
Invocations    | 3 4 5 7 |  7.6
Dodging        | 3 4 5 6 8 9 10 11 | 11.6
Long Blades    | 1 2 3 4 5 7 8 10 11 | 11.1
Spellcasting   | 1 2 4 5 7 |  7.4
Poison Magic   | 1 4 5 6 |  6.8
Axes           | |  0.5

Action                   |  1- 3 |  4- 6 |  7- 9 | 10-12 | 13-15 || total
-------------------------+-------+-------+-------+-------+-------++-------
Melee: Mace              |    91 |    40 |       |       |       ||   131
       Punch             |     2 |       |     1 |     8 |     6 ||    17
       Broad axe         |       |    21 |       |       |       ||    21
       Long sword        |       |    49 |   251 |   471 |   351 ||  1122
Throw: Dart              |       |       |       |    11 |       ||    11
       Large rock        |       |       |       |    11 |       ||    11
 Cast: Mephitic Cloud    |       |       |       |     8 |       ||     8
       Ignite Poison     |       |       |       |     7 |       ||     7
Invok: Depart the Abyss  |       |       |       |     1 |       ||     1
       Banish            |       |       |       |    10 |     5 ||    15
       Bend Space        |       |       |       |    12 |    10 ||    22
Evoke: Wand              |       |       |       |     3 |     7 ||    10
       Phantom mirror    |       |       |       |       |     1 ||     1
  Use: Scroll            |       |     2 |     2 |    14 |     5 ||    23
       Potion            |       |       |       |       |     2 ||     2
 Stab: Sleeping          |     1 |       |       |       |       ||     1
       Invisible         |       |       |     1 |       |       ||     1
Armor: Robe              |    31 |    27 |    37 |       |       ||    95
       Steam dragon scal |       |       |    16 |    14 |       ||    30
       Acid dragon scale |       |       |       |    79 |       ||    79
       Troll leather arm |       |       |       |    97 |   176 ||   273
Dodge: Dodged            |    65 |    56 |   183 |   487 |   296 ||  1087

Levels and vault maps discovered:
D:1:      ncdulo_wetmaze, layout_loops_ring
D:2:      minmay_inner_zag, layout_basic
D:3:      layout_loops_cross, gammafunk_temple_overflow_claw
D:4:      minmay_angry_zag, layout_loops_ring, nrook_mini_backslash,
          kennysheep_cross_bottleneck, grunt_ministairs_8,
          kennysheep_small_circle
D:5:      layout_loops_ring, minmay_checkerbox
D:6:      layout_rooms, nicolae_qazlal_style_of_elements,
          mainiacjoe_overflow_concentric_impassable
D:7:      layout_rooms, trog_book, minmay_temple_entry_overgrown,
          mrwooster_statue_mirror, uniq_crazy_yiuf_cottage
D:8:      layout_loops_ring, mainiacjoe_overflow_surrounded_room, serial_shops,
          shop, special_room [special_room_orc], uniq_psyche
D:9:      kennysheep_big_flooded_room, layout_loops_ring, erik_lair_dragon
D:10:     layout_roguey, nicolae_overflow_hidden_temple,
          mainiacjoe_overflow_paths, serial_shops, nicolae_diamond_shop
D:11:     layout_cross
D:12:     layout_cave_pools
D:13:     layout_rooms, drop_trap, skrybe_limestone_x, minmay_ruined_shrine,
          uniq_nessos
Lair:1:   layout_roguey, uniq_gastronok
Lair:2:   layout_cave_pods, grunt_megastairs_1
Lair:3:   layout_roguey, minmay_shoals_entry_beasts,
          nicolae_spider_entry_non_spiders, minmay_lindwurm_lava,
          serial_bayou_shore_a, uniq_rupert
Lair:4:   layout_cave_pods, serial_bayou, serial_bayou_lagoon_b,
          serial_bayou_lake_a, serial_bayou_pond_c, serial_bayou_pond_e,
          lemuel_fruit_fields, uniq_amaemon
Lair:5:   layout_loops_ring, hangedman_lair_unloving_vines
Orc:1:    layout_caves

Notes
Turn   | Place    | Note
-------+----------+-------------------------------------------
     0 | Abyss:1  | spiderkeys the Ogre Abyssal Knight began the quest for the
                  | Orb.
     0 | Abyss:1  | Reached XP level 1. HP: 24/24 MP: 2/2
     0 | Abyss:1  | magus.rc [v1.11.3]
    71 | D:1      | You pass through the gate.
    71 | D:1      | Escaped the Abyss
   391 | D:1      | Reached XP level 2. HP: 14/32 MP: 3/3
   579 | D:1      | Reached skill level 2 in Maces & Flails
   947 | D:1      | Reached XP level 3. HP: 38/40 MP: 4/4
  1121 | D:2      | Reached *** piety under Lugonu
  1491 | D:2      | Reached XP level 4. HP: 32/49 MP: 4/6
  1601 | D:2      | You pick up a book of Displacement and begin reading...
  1601 | D:2      | You add the spells Lesser Beckoning, Gell's Gravitas and
                  | Teleport Other to your library.
  2065 | D:3      | Reached skill level 5 in Fighting
  2227 | D:3      | Reached skill level 3 in Invocations
  2609 | D:3      | Found a sparkling altar of Nemelex Xobeh.
  2610 | D:3      | Found a shimmering altar of Xom.
  2725 | D:3      | Reached XP level 5. HP: 51/57 MP: 7/7
  2794 | D:3      | Found the +7 Throatcutter {drain, coup de grace}
  2886 | D:3      | Found a broken altar of Ashenzari.
  2976 | D:3      | Reached skill level 3 in Dodging
  3205 | D:4      | Reached skill level 1 in Long Blades
  3431 | D:4      | Reached XP level 6. HP: 67/67 MP: 8/8
  3810 | D:4      | You pick up a book of Blasting and begin reading...
  3810 | D:4      | You add the spells Fulminant Prism, Iskenderun's Mystic
                  | Blast and Lee's Rapid Deconstruction to your library.
  3840 | D:4      | Reached **** piety under Lugonu
  3927 | D:4      | You add the spells Ignite Poison, Mephitic Cloud and
                  | Freezing Cloud to your library.
  3987 | D:4      | Learned a level 3 spell: Mephitic Cloud
  4078 | D:5      | Entered Level 5 of the Dungeon
  4091 | D:5      | Reached skill level 6 in Fighting
  4091 | D:5      | Reached skill level 1 in Spellcasting
  4091 | D:5      | Reached skill level 4 in Invocations
  4194 | D:5      | Noticed an ice beast
  4197 | D:5      | Reached skill level 2 in Long Blades
  4197 | D:5      | Reached XP level 7. HP: 72/75 MP: 10/10
  4292 | D:5      | Reached skill level 4 in Dodging
  4326 | D:5      | Reached skill level 2 in Spellcasting
  4670 | D:5      | Reached skill level 7 in Fighting
  4957 | D:5      | Reached skill level 3 in Long Blades
  4961 | D:5      | Reached XP level 8. HP: 85/87 MP: 12/12
  4967 | D:5      | Reached skill level 3 in Spellcasting
  5713 | D:6      | Reached skill level 5 in Dodging
  5713 | D:6      | Reached skill level 4 in Spellcasting
  5784 | D:6      | Reached skill level 4 in Long Blades
  5927 | D:6      | Reached skill level 8 in Fighting
  5971 | D:6      | Found a shadowy altar of Dithmenos.
  6143 | D:6      | Reached XP level 9. HP: 81/97 MP: 14/16
  6353 | D:6      | Reached skill level 5 in Spellcasting
  6703 | D:6      | Found a stormy altar of Qazlal.
  6984 | D:7      | Noticed a troll
  6988 | D:7      | Killed a troll
  6989 | D:7      | Reached skill level 9 in Fighting
  6989 | D:7      | Reached skill level 5 in Long Blades
  6989 | D:7      | Reached skill level 6 in Dodging
  7712 | D:7      | Found a staircase to the Ecumenical Temple.
  7731 | D:7      | HP: 25/100 [poisoned by a water moccasin]
  7736 | D:7      | HP: 21/100 [poisoned by a water moccasin]
  8802 | D:7      | Found a runed translucent door.
  8803 | D:7      | Noticed Crazy Yiuf
  8888 | D:7      | You pick up a book of Blood and begin reading...
  8888 | D:7      | You add the spells Sublimation of Blood, Wereblood and
                  | Summon Hydra to your library.
  8905 | D:7      | Found a bloodstained altar of Trog.
  8957 | D:7      | Killed Crazy Yiuf
  9010 | D:7      | Learned a level 3 spell: Ignite Poison
  9027 | D:8      | Reached skill level 10 in Fighting
  9125 | D:8      | Reached ***** piety under Lugonu
  9126 | D:8      | Reached skill level 1 in Poison Magic
  9237 | D:8      | Reached XP level 10. HP: 105/110 MP: 17/17
  9271 | D:8      | Reached skill level 6 in Long Blades
  9375 | D:8      | Reached skill level 7 in Dodging
  9375 | D:8      | Reached skill level 2 in Poison Magic
  9395 | D:8      | Found a burning altar of Makhleb.
  9717 | D:8      | Found Boqon's Assorted Antiques.
  9723 | D:8      | Bought a scroll labelled UGACYI UMAL for 17 gold pieces
  9723 | D:8      | Bought a glowing pink potion for 15 gold pieces
  9723 | D:8      | Bought a runed fluorescent wand for 68 gold pieces
  9864 | D:8      | Noticed Psyche
  9877 | D:8      | Killed Psyche
 10231 | D:9      | Reached skill level 3 in Poison Magic
 10401 | D:9      | Noticed a rakshasa
 10401 | D:9      | Noticed a cyclops
 10456 | D:9      | Noticed a wizard
 10582 | D:9      | You are cast into the Abyss!
 10582 | D:9      | Cast into level 3 of the Abyss (a wizard)
 10618 | Abyss:3  | Found a corrupted altar of Lugonu.
 10626 | D:9      | You pass through the gate.
 10626 | D:9      | Escaped the Abyss
 10629 | D:9      | Killed a wizard
 10630 | D:9      | Reached skill level 11 in Fighting
 11200 | D:9      | Noticed a two-headed ogre
 11210 | D:9      | Killed a two-headed ogre
 11211 | D:9      | Reached skill level 7 in Long Blades
 11643 | D:9      | Paralysed by a hornet for 3 turns
 11647 | D:9      | Reached skill level 4 in Poison Magic
 11833 | D:9      | Noticed a two-headed ogre
 11844 | D:9      | Killed a two-headed ogre
 11845 | D:9      | Reached skill level 8 in Dodging
 11855 | D:9      | Reached XP level 11. HP: 122/123 MP: 5/18
 11977 | D:9      | Found a staircase to the Lair.
 12428 | D:9      | Banished a cyclops
 12429 | D:9      | Reached skill level 12 in Fighting
 12527 | D:10     | Entered Level 10 of the Dungeon
 12608 | D:10     | You fall into a shaft and drop 3 floors!
 12612 | D:13     | Noticed Nessos
 12615 | D:12     | Noticed a cyclops
 12625 | D:11     | Noticed a two-headed ogre
 12629 | D:11     | Noticed a manticore
 12632 | D:11     | Noticed a cyclops
 12634 | D:11     | Banished a cyclops
 12862 | D:10     | Found an ancient bone altar of Kikubaaqudgha.
 12896 | D:10     | Found Xinoss's Distillery.
 12933 | D:10     | Bought a potion of heal wounds for 65 gold pieces
 13272 | D:10     | Found a glowing silver altar of Zin.
 13362 | D:10     | Reached skill level 5 in Poison Magic
 14133 | D:10     | Killed a two-headed ogre
 14134 | D:10     | Reached skill level 8 in Long Blades
 14573 | D:11     | Killed a manticore
 14630 | D:11     | HP: 30/124 [centaur/arrow (10)]
 15907 | D:11     | Reached skill level 9 in Dodging
 16012 | D:11     | Reached skill level 13 in Fighting
 16082 | D:11     | You pick up a book of Debilitation and begin reading...
 16082 | D:11     | You add the spells Slow, Vampiric Draining and Confusing
                  | Touch to your library.
 16100 | D:11     | Noticed a cyclops
 16115 | D:11     | Killed a cyclops
 16238 | D:11     | Found a staircase to the Orcish Mines.
 16313 | D:11     | Noticed a cyclops
 16323 | D:11     | Killed a cyclops
 16571 | D:12     | Noticed a two-headed ogre
 16599 | D:12     | Noticed a cyclops
 16802 | D:11     | Killed a two-headed ogre
 16803 | D:11     | Reached XP level 12. HP: 93/136 MP: 15/19
 16895 | D:11     | HP: 32/136 [poisoned by a kobold brigand]
 16900 | D:11     | HP: 26/136 [poisoned by a kobold brigand]
 16905 | D:11     | HP: 24/136 [poisoned by a kobold brigand]
 16910 | D:10     | HP: 24/136 [poisoned by a kobold brigand]
 17020 | D:10     | Reached skill level 9 in Long Blades
 17289 | D:12     | Reached skill level 14 in Fighting
 17291 | D:12     | HP: 29/139 [slime creature (15)]
 17299 | D:12     | HP: 33/139 [vampire mosquito (3)]
 17591 | D:12     | Reached skill level 10 in Dodging
 17720 | D:12     | HP: 28/140 [slime creature (16)]
 17725 | D:12     | HP: 32/140 [slime creature (3)]
 18045 | D:12     | You pick up a book of Air and begin reading...
 18045 | D:12     | You add the spells Shock, Swiftness and Airstrike to your
                  | library.
 18069 | D:12     | Noticed a five-headed hydra
 18225 | D:12     | Banished a five-headed hydra
 18473 | D:13     | Identified the +1 robe of Disappointment {-Cast Harm rPois
                  | Will+++ rCorr}
 18484 | D:13     | Found a stormy altar of Qazlal.
 18484 | D:13     | Noticed a four-headed hydra
 18484 | D:13     | Noticed an ogre mage
 18581 | Orc:1    | Entered Level 1 of the Orcish Mines
 18585 | Orc:1    | Noticed an ettin
 18671 | Orc:1    | HP: 9/140 [ettin/+0 dire flail (39)]
 18847 | D:11     | Killed an ettin
 18889 | Orc:1    | Reached skill level 10 in Long Blades
 18902 | Orc:1    | Noticed a two-headed ogre
 18912 | Orc:1    | Killed a two-headed ogre
 18917 | Orc:1    | Noticed an orc warlord
 18921 | Orc:1    | HP: 27/140 [orc warrior/+0 flail[an orc warlord] (26)]
 19113 | Lair:1   | Entered Level 1 of the Lair of Beasts
 19120 | Lair:1   | Reached skill level 15 in Fighting
 19120 | Lair:1   | Reached skill level 5 in Invocations
 19259 | Lair:1   | Noticed Gastronok
 19274 | Lair:1   | Killed Gastronok
 19275 | Lair:1   | Reached XP level 13. HP: 127/149 MP: 20/20
 19480 | Lair:1   | HP: 32/149 [seven-headed hydra (8)]
 19747 | Lair:1   | HP: 37/149 [poisoned by a cane toad]
 19880 | Lair:1   | Reached skill level 6 in Invocations
 19882 | Lair:1   | Reached skill level 11 in Dodging
 19915 | Lair:1   | Reached skill level 6 in Spellcasting
 21248 | Lair:3   | Found a staircase to the Shoals.
 21411 | Lair:3   | Reached skill level 6 in Poison Magic
 21631 | Lair:3   | Found a hole to the Spider Nest.
 21680 | Lair:3   | You pick up a book of the Sky and begin reading...
 21680 | Lair:3   | You add the spells Summon Lightning Spire, Storm Form and
                  | Maxwell's Capacitive Coupling to your library.
 21759 | Lair:3   | Noticed Rupert
 22171 | Lair:3   | Paralysed by Rupert for 5 turns
 22182 | Lair:3   | Banished Rupert
 22183 | Lair:3   | Reached skill level 7 in Invocations
 22557 | Lair:3   | Reached skill level 7 in Spellcasting
 22857 | Lair:4   | Reached skill level 11 in Long Blades
 23280 | Lair:4   | Noticed Amaemon
 23304 | Lair:4   | Killed Amaemon
 23304 | Lair:4   | HP: 33/149 [asphyx]
 23305 | Lair:4   | Reached XP level 14. HP: 35/159 MP: 25/25
 23307 | Lair:4   | HP: 13/159 [poisoned by orange demon (concentrated venom)]
 23307 | Lair:4   | Asphyxiated

Vanquished Creatures
  Gastronok (Lair:1)
  An ettin (D:11)
  A catoblepas (Lair:2)
  5 two-headed ogres
  Amaemon (Lair:4)
  A wizard (D:9)
  2 manticores
  3 cyclopes
  5 elephants
  2 black mambas
  A gargoyle (D:12)
  7 cane toads
  Psyche (D:8)
  8 komodo dragons
  3 kobold demonologists
  4 trolls
  A wind drake (Lair:3)
  A hornet (D:9)
  12 slime creatures
  3 blink frogs
  6 dream sheep (Lair:4)
  5 wyverns
  2 wraiths (D:12)
  20 yaks
  A basilisk (D:9)
  2 steam dragons (D:8)
  10 vampire mosquitoes
  2 acid dragons
  3 wargs
  11 water moccasins
  7 orc warriors
  A swamp drake (D:9)
  2 ice beasts (D:5)
  2 ogres
  3 black bears
  A sky beast (D:8)
  8 centaurs
  9 wolves (Lair:1)
  2 phantoms
  4 kobold brigands
  5 necrophages
  8 bullfrogs
  7 scorpions
  9 wights
  2 howler monkeys (D:8)
  A gnoll shaman (D:6)
  5 hounds
  2 jellies
  Crazy Yiuf (D:7)
  3 orc priests
  6 iguanas
  13 orc wizards
  3 gnolls (D:7)
  9 adders
  2 shadow imps (D:7)
  A white imp (D:5)
  5 ufetubi
  5 worms
  2 dart slugs
  53 orcs
  11 bats
  8 endoplasms
  5 giant cockroaches
  4 goblins
  9 hobgoblins
  4 jackals (D:5)
  18 kobolds
  2 quokkas (D:4)
  4 ball pythons
  2 frilled lizards
  7 rats
380 creatures vanquished.

Vanquished Creatures (others)
  A kobold (D:8)
  24 fungi
  43 plants
68 creatures vanquished.

Grand Total: 448 creatures vanquished

Table legend:
 A = Non-vault XP
 B = Vault XP
 C = Vault XP percentage of total XP
 D = Non-vault monster count
 E = Vault monster count
 F = Vault count percentage of total count
                 A         B        C        D         E       F
            +---------+---------+-------+---------+---------+-------
      Total |   46871 |    8033 |  14.6 |     337 |      51 |  13.1
            +---------+---------+-------+---------+---------+-------
        D:1 |      34 |       0 |   0.0 |      20 |       0 |   0.0
        D:2 |      52 |      25 |  32.5 |      17 |       6 |  26.1
        D:3 |     106 |       0 |   0.0 |      17 |       0 |   0.0
        D:4 |     203 |      77 |  27.5 |       7 |       7 |  50.0
        D:5 |     940 |     164 |  14.9 |      27 |       4 |  12.9
        D:6 |    1310 |       0 |   0.0 |      24 |       0 |   0.0
        D:7 |    1106 |      41 |   3.6 |      29 |       1 |   3.3
        D:8 |    1745 |     578 |  24.9 |      28 |      13 |  31.7
        D:9 |    2541 |    1653 |  39.4 |      10 |       6 |  37.5
       D:10 |    3966 |       0 |   0.0 |      26 |       0 |   0.0
       D:11 |    8122 |       0 |   0.0 |      35 |       0 |   0.0
       D:12 |    5801 |       0 |   0.0 |      18 |       0 |   0.0
     Lair:1 |    7655 |    1476 |  16.2 |      31 |       1 |   3.1
     Lair:2 |    2580 |     145 |   5.3 |       9 |       1 |  10.0
     Lair:3 |    5452 |    3105 |  36.3 |      17 |      11 |  39.3
     Lair:4 |    3293 |     769 |  18.9 |      12 |       1 |   7.7
     Lair:5 |     409 |       0 |   0.0 |       2 |       0 |   0.0
      Orc:1 |    1556 |       0 |   0.0 |       8 |       0 |   0.0
            +---------+---------+-------+---------+---------+-------

Illustrated notes

Table legend:
 A = Kills in this place as a percentage of kills in entire the game.
 B = Kills by you in this place as a percentage of kills by you in the entire game.
 C = Kills by friends in this place as a percentage of kills by friends in the entire game.
 D = Other kills in this place as a percentage of other kills in the entire game.
 E = Experience gained in this place as a percentage of experience gained in the entire game.
 F = Experience gained in this place divided by the number of levels of this place that you have seen.
                   A       B       C       D       E      F
               +-------+-------+-------+-------+-------+----------------------
         Total | 100.0 | 100.0 |   N/A | 100.0 | 100.0 | 2614.5
       Dungeon |  76.0 |  76.3 |   N/A |  66.7 |  51.8 | 2189.5
          Lair |  21.9 |  21.6 |   N/A |  33.3 |  45.3 | 4976.8
  Orcish Mines |   2.1 |   2.1 |   N/A |   0.0 |   2.8 | 1556.0
               +-------+-------+-------+-------+-------+----------------------

Table legend: (Time is in decaauts)
 A = Elapsed time spent in this place.
 B = Non-inter-level travel time spent in this place.
 C = Inter-level travel time spent in this place.
 D = Time resting spent in this place.
 E = Time spent auto-exploring this place.
 F = Levels seen in this place.
 G = Mean time per level.
                   A        B        C        D        E       F      G
               +--------+--------+--------+--------+--------+-----+--------+
         Total |  23476 |  22850 |    626 |   5529 |  13583 |  21 | 1117.9 |
       Dungeon |  19119 |  18615 |    504 |   4582 |  11304 |  13 | 1470.7 |
          Lair |   4182 |   4062 |    120 |    947 |   2203 |   5 |  836.4 |
  Orcish Mines |     60 |     60 |      0 |      0 |      9 |   1 |   60.0 |
         Abyss |    114 |    114 |      0 |      0 |     67 |   2 |   57.0 |
               +--------+--------+--------+--------+--------+-----+--------+

Top non-repeatable levels by time:
    D:10: 3148 daAuts
    D:11: 2331 daAuts
     D:7: 1902 daAuts
     D:9: 1826 daAuts
     D:8: 1715 daAuts
     D:5: 1588 daAuts
     D:6: 1494 daAuts
  Lair:2: 1492 daAuts
  Lair:3: 1189 daAuts
     D:3: 1175 daAuts
     D:1: 1062 daAuts
    D:12: 1000 daAuts
  Lair:1: 984 daAuts
     D:4: 938 daAuts
     D:2: 904 daAuts
